Map: Temple gelé

Players

Cosmin - Winner!

  • Race: Terran Terran
  • League: Gold
  • Spawn Location: 5:00

zidar

  • Race: Zerg Zerg
  • League: Gold
  • Spawn Location: 11:00

VOD

Have the link to the VOD?

Description

Time

  • Played on: June 3, 2016, 10:33 a.m.
  • Length: 20:27
Show
View Real Time Build Order
Export as new Build Order

Cosmin Terran - Winner!

Build Orders:  

Get SALT Encoding   

  12  0:00  SCV  
  13  0:13  SCV  
  14  0:18  Supply Depot  
  14  0:25  SCV  
  15  0:30  Refinery  
  15  0:40  SCV  
  16  0:47  Barracks  
  16  0:52  SCV  
  17  1:04  SCV  
  18  1:16  Refinery, SCV  
  19  1:20  Supply Depot  
  19  1:28  SCV  
  20  1:36  Barracks Reactor  
  20  1:41  Orbital Command  
  20  1:47  Factory  
  20  2:08  SCV  
  21  2:12  Supply Depot  
  22  2:15  Reaper  
  22  2:16  Reaper  
  22  2:20  SCV  
  22  2:22  Supply Depot  
  24  2:32  SCV  
  24  2:35  Starport  
  25  2:44  SCV  
  26  2:56  SCV  
  26  2:57  Hellion x2  
  31  3:02  Barracks Reactor  
  31  3:15  Command Center  
  31  3:20  Hellion  
  33  3:46  SCV  
  38  3:55  Widow Mine  
  38  3:56  Widow Mine  
  38  3:58  SCV  
  38  3:59  Barracks Tech Lab, Engineering Bay  
  38  4:02  Supply Depot  
  39  4:11  Liberator x2  
  39  4:12  Armory  
  41  4:17  Hellion x2  
  49  4:41  Supply Depot  
  49  4:48  Factory  
  49  4:51  Orbital Command  
  53  5:03  SCV  
  53  5:06  Widow Mine x2  
  54  5:09  Liberator  
  54  5:15  SCV  
  54  5:16  Supply Depot  
  54  5:18  Bunker  
  55  5:25  Barracks Tech Lab, Factory  
  58  5:36  SCV x2  
  60  5:48  SCV x2  
  62  5:51  Refinery  
  62  5:55  Terran Infantry Weapons Level 1  
  62  5:56  Supply Depot  
  62  6:01  Terran Vehicle Weapons Level 1  
  62  6:05  SCV x2  
  64  6:17  SCV  
  65  6:22  Supply Depot  
  65  6:24  Supply Depot  
  65  6:43  Liberator, SCV x2  
  67  6:55  SCV x2  
  67  6:56  Refinery, Infernal Pre-Igniter  
  67  6:59  Factory Tech Lab  
  72  7:11  Stimpack  
  72  7:13  Hellion x5  
  76  7:20  Widow Mine  
  76  7:21  Widow Mine  
  76  7:25  SCV x2  
  78  7:36  Hellion x2  
  82  7:42  Hellion x2  
  86  7:57  Hellion x2  
  90  7:59  Viking x2  
  90  8:00  Command Center  
  90  8:03  Hellion x2  
  98  8:19  Missile Turret  
  98  8:21  Missile Turret  
  98  8:22  Missile Turret  
  98  8:30  Marine  
  99  8:43  Thor  
  99  8:48  Marine  
  106  8:54  Terran Vehicle And Ship Armor Level 1  
  106  8:55  Supply Depot  
  106  8:56  Supply Depot  
  106  8:57  Supply Depot  
  106  8:58  Supply Depot  
  106  9:06  Marine  
  107  9:12  Thor  
  113  9:19  Liberator x2  
  113  9:23  Marine  
  113  9:27  Orbital Command  
  113  9:29  Command Center  
  118  9:41  Marine  
  119  9:45  Factory  
  119  9:46  Factory  
  119  10:05  Terran Infantry Armor Level 1, Orbital Command  
  119  10:09  Armory  
  119  10:12  SCV x2  
  119  10:13  Liberator x2  
  121  10:24  SCV  
  128  10:48  Terran Ship Weapons Level 1  
  128  10:50  Refinery  
  128  10:52  Marauder  
  128  10:54  Combat Shield  
  130  10:57  Factory Reactor  
  130  11:00  Refinery, Thor  
  140  11:07  Widow Mine x2  
  140  11:08  Liberator  
  140  11:14  Marauder  
  134  11:20  Hellion x2  
  127  11:28  Hellion  
  125  11:35  Marauder  
  125  11:36  Terran Vehicle And Ship Armor Level 2  
  127  11:41  Thor  
  133  11:56  Marauder  
  133  12:01  Planetary Fortress  
  135  12:06  SCV x2  
  135  12:07  SCV  
  138  12:13  Concussive Shells  
  138  12:18  Marauder, SCV  
  138  12:21  Fusion Core  
  141  12:24  Missile Turret  
  141  12:28  SCV x2  
  143  12:41  Hellion  
  143  12:42  Hellion x6  
  157  12:47  Missile Turret  
  157  12:53  SCV  
  157  12:54  SCV x2  
  160  12:59  Sensor Tower  
  160  13:03  Hellion  
  172  13:06  Missile Turret  
  172  13:08  Terran Infantry Weapons Level 2  
  172  13:10  Widow Mine x2, Missile Turret  
  172  13:11  Widow Mine x3  
  172  13:13  SCV x2  
  176  13:20  Missile Turret  
  176  13:21  Widow Mine  
  176  13:22  Missile Turret  
  176  13:24  Missile Turret  
  178  13:31  Widow Mine  
  178  13:34  Thor  
  178  13:37  Missile Turret  
  178  13:38  Refinery  
  178  13:39  Refinery  
  184  13:41  Thor  
  159  14:07  Hellion x2  
  159  14:08  Hellion x2  
  159  14:17  Thor  
  165  14:24  Thor  
  171  14:34  Hellion x5  
  181  14:43  Command Center  
  181  14:44  Orbital Command  
  181  14:55  Hellion x2  
  185  15:04  Advanced Ballistics  
  185  15:08  Factory Tech Lab  
  181  15:23  Terran Infantry Armor Level 2  
  179  15:51  Hellion  
  181  15:58  Hellion x6  
  193  16:05  Terran Vehicle Weapons Level 2  
  193  16:12  Hellion  
  195  16:19  Hellion x2  
  195  16:25  Orbital Command  
  199  16:50  Marine  
  138  17:28  Marine x2  
  138  17:31  Hellion x7  
  152  17:39  Terran Infantry Weapons Level 3  
  152  17:46  Marine x2  
  154  17:52  Hellion x2  
  158  18:03  Marine  
  158  18:04  Marine  
  160  18:21  Marine x2  
  160  18:26  Liberator  
  156  18:28  Thor x3  
  150  19:09  Liberator  
  147  19:11  Thor x2  
  153  19:17  Thor  
  153  19:18  Hellion x3  
  153  19:19  Hellion  
  153  19:22  SCV x3  
  167  19:40  Hellion x4  
  175  19:53  Command Center  
Show
View Real Time Build Order
Export as new Build Order

zidar Zerg 

Build Orders: Hatch First 

Get SALT Encoding   

  12  0:01  Drone  
  13  0:12  Overlord  
  13  0:19  Drone  
  14  0:30  Drone x2  
  14  0:34  Drone  
  17  0:55  Hatchery  
  17  0:57  Drone  
  17  1:20  Drone x3  
  17  1:23  Spawning Pool  
  19  1:30  Extractor  
  19  1:31  Drone  
  19  1:42  Overlord  
  19  1:54  Drone  
  20  2:09  Drone  
  20  2:10  Drone  
  20  2:13  Queen x2  
  26  2:28  Drone x2  
  26  2:29  Drone x2  
  30  2:32  Metabolic Boost  
  29  2:54  Roach Warren  
  28  3:16  Zergling x2  
  28  3:17  Zergling x4  
  28  3:18  Zergling x4  
  33  3:20  Overlord  
  33  3:51  Roach x5  
  33  3:55  Overlord x2  
  43  4:16  Roach x3  
  49  4:32  Pneumatized Carapace  
  49  4:46  Roach x2  
  53  4:53  Extractor  
  53  4:56  Drone x4  
  53  4:59  Drone x4  
  60  5:01  Extractor  
  60  5:04  Overlord  
  60  5:05  Extractor  
  60  5:06  Overlord x3  
  58  5:53  Hatchery  
  57  6:01  Lair  
  57  6:07  Baneling Nest  
  56  7:03  Evolution Chamber x2  
  56  7:04  Spire  
  53  7:17  Spore Crawler  
  52  7:24  Spore Crawler, Drone x17  
  52  7:25  Drone x9  
  77  7:50  Ravager x3  
  80  7:51  Spore Crawler  
  79  8:08  Zerg Ground Armor Level 1  
  79  8:11  Zerg Missile Weapons Level 1  
  79  8:14  Glial Reconstitution  
  79  8:18  Corruptor  
  81  8:22  Overlord x3  
  81  8:23  Overlord  
  81  8:40  Infestation Pit  
  79  8:43  Corruptor  
  79  8:44  Corruptor x3  
  78  9:12  Queen  
  80  9:30  Drone x8  
  80  9:31  Drone x9  
  97  9:32  Drone x4  
  101  9:42  Hive  
  101  9:51  Drone x3  
  101  9:52  Drone x2  
  106  10:00  Extractor  
  106  10:04  Extractor  
  104  10:20  Drone  
  104  10:21  Drone  
  106  10:47  Overlord x4  
  106  10:48  Overlord  
  106  10:49  Overlord x2  
  106  10:52  Zerg Ground Armor Level 2  
  106  10:53  Zerg Missile Weapons Level 2  
  106  11:00  Hydralisk Den  
  94  11:18  Roach x2  
  94  11:19  Roach x21  
  131  11:34  Hydralisk x6  
  143  11:50  Muscular Augments  
  143  11:51  Zerg Flyer Weapons Level 1  
  143  12:06  Hydralisk x9  
  161  12:16  Hatchery, Drone x2  
  162  12:29  Overlord x2  
  162  12:30  Overlord x3  
  162  12:44  Adrenal Glands  
  162  13:00  Roach  
  162  13:01  Roach x10  
  162  13:02  Hydralisk x4  
  162  13:03  Hydralisk x2  
  196  13:16  Zerg Ground Armor Level 3  
  196  13:20  Zerg Missile Weapons Level 3  
  114  14:20  Hydralisk x12  
  114  14:22  Roach x11  
  160  16:04  Drone  
  160  16:05  Drone x3  
  164  16:11  Extractor  
  164  16:14  Extractor  
  162  16:27  Zerg Melee Weapons Level 1  
  162  16:42  Hatchery  
  80  17:12  Roach x8  
  80  17:13  Roach x7  
  80  17:14  Roach x9  
  110  17:32  Hydralisk x11  
  132  17:40  Ravager x14  
  146  17:45  Roach x3  
  146  17:46  Roach x2  
  90  18:47  Roach x9  
  90  18:48  Roach x9  
  82  19:21  Ravager x4  
  75  19:27  Ravager  
  75  19:28  Ravager x2  
  75  19:30  Roach  
  75  19:31  Roach x13  
  85  19:50  Roach x6  
  97  19:53  Ravager x4  
Tags
 
League
GoldGold
Matchup
TvZ
Spawn Locations
Cross Positions
Add a new tag
Caveats
  • Supply blocks, unpowered buildings, or Contaminate may cause inaccurate times.
  • Supply counts are checked every 10 seconds.